 Dungeon Sprint DCSS version 0.22-a0-542-gce4f928 (webtiles) character file.

86 raistware the Carver (level 4, -2/58 HPs)
             Began as a Hill Orc Fighter on June 24, 2018.
             Splashed by an oklob sapling priest's acid (9 damage)
             ... in the Dungeon (Sprint IV: "Fedhas' Mad Dash").
             The game lasted 00:02:14 (478 turns).

raistware the Carver (Hill Orc Fighter)              Turns: 478, Time: 00:02:15

Health: -2/58      AC:  2    Str: 24    XL:     4   Next: 49%
Magic:  4/5        EV:  7    Int:  8    God:
Gold:   71         SH:  9    Dex: 10    Spells: 3/3 levels left

rFire    . . .     SeeInvis .   a - +0 long sword
rCold    . . .     Gourm    .   c - +0 shield
rNeg     . . .     Faith    .   b - +0 scale mail
rPois    .         Spirit   .   (no helmet)
rElec    .         Reflect  .   (no cloak)
rCorr    .         Harm     .   (no gloves)
MR       .....     NoTele   +   (no boots)
Stlth    ..........             e - amulet of invisibility {+Inv}
HPRegen  0.19/turn              (no ring)
MPRegen  0.09/turn              (no ring)

@: berserking, corroded, contaminated, glowing, very quick
A: no striking features
a: Evoke Invisibility


You were in the Dungeon.
You were not hungry.

You visited 1 branch You collected 71 gold pieces.

Inventory:

Hand Weapons
 a - a +0 long sword (weapon)
Armour
 b - a +0 scale mail (worn)
 c - a +0 shield (worn)
 l - a +0 plate armour
Jewellery
 e - the amulet of invisibility (around neck) {+Inv}
   (You found it in the Dungeon)

   [amulet of nothing]

   It lets you turn invisible.
Scrolls
 k - a scroll of blinking
Potions
 d - a potion of might
 h - a potion of haste
 i - 2 potions of magic
Comestibles
 f - a ration


   Skills:
 - Level 3.6 Fighting
 + Level 9.0 Long Blades
 - Level 3.2 Armour
 - Level 3.2 Shields
 + Level 2.3 Evocations


You had 3 spell levels left.
You didn't know any spells.
Your spell library was empty.

Dungeon Overview and Level Annotations

Branches:
Dungeon (1/1)

Altars:
Cheibriados
Dithmenos
Elyvilon
Gozag
Hepliaklqana
Kikubaaqudgha
Makhleb
Nemelex Xobeh
Okawaru
Qazlal
Ru
Sif Muna
Trog
Uskayaw
Vehumet
Wu Jian
Xom
Yredelemnul
Zin
The Shining One
Beogh
Jiyva
Lugonu

Annotations:
D exclusion: oklob sapling


Message History

The oklob sapling priest is lightly damaged.
You hit the oklob sapling priest but do no damage.
The oklob sapling priest is lightly damaged.
You hit the oklob sapling priest but do no damage.
The oklob sapling priest is lightly damaged.
You flicker back into view.
The oklob sapling priest spits acid at you.
The splash of acid hits you! The acid corrodes you!
You are splashed with acid!
The acid burns!
* * * LOW HITPOINT WARNING * * *
You hit the oklob sapling priest but do no damage.
The oklob sapling priest is lightly damaged.
The oklob sapling priest begins to cast a cantrip, but forgets the words!
A red film seems to cover your vision as you go berserk!
You feel yourself moving faster!
You feel mighty!
The oklob sapling priest spits acid at you.
The splash of acid hits you!
* * * LOW HITPOINT WARNING * * *
You are splashed with acid!
The acid burns!
You die...

########################
....#.....#.⌠._._._._.⌠.
....'.#...'.._._._._._..
....#.#...#..._._P_._...
########'##.._._@_._._..
......+...#._._._._._.⌠.
♣.....#...##############
..♣..###### ###


You could see an oklob sapling priest.

Vanquished Creatures
  A worker ant (D)
  2 oklob saplings (D)
  A river rat (D)
  A rat (D)
5 creatures vanquished.

Notes
Turn   | Place    | Note
-------+----------+-------------------------------------------
     0 | D        | raistware the Hill Orc Fighter began the quest for the Orb.
     0 | D        | Reached XP level 1. HP: 19/19 MP: 1/1
    10 | D        | Reached skill level 5 in Long Blades
    10 | D        | Reached XP level 2. HP: 26/26 MP: 2/2
    19 | D        | Noticed an oklob sapling
    24 | D        | Killed an oklob sapling
    24 | D        | Reached skill level 7 in Long Blades
    24 | D        | Reached XP level 3. HP: 14/31 MP: 3/3
    28 | D        | Found the amulet of invisibility {+Inv}
    36 | D        | Reached skill level 8 in Long Blades
    36 | D        | Reached XP level 4. HP: 9/39 MP: 4/4
   212 | D        | Found an opulent altar of Gozag.
   212 | D        | Found a hazy altar of Hepliaklqana.
   212 | D        | Found a roughly hewn altar of Beogh.
   212 | D        | Found a snail-covered altar of Cheibriados.
   213 | D        | Found a viscous altar of Jiyva.
   213 | D        | Found a burning altar of Makhleb.
   213 | D        | Found a sparkling altar of Nemelex Xobeh.
   213 | D        | Found a sacrificial altar of Ru.
   213 | D        | Found a deep blue altar of Sif Muna.
   213 | D        | Found a bloodstained altar of Trog.
   213 | D        | Found an ornate altar of the Wu Jian Council.
   213 | D        | Found a shimmering altar of Xom.
   213 | D        | Found a basalt altar of Yredelemnul.
   213 | D        | Noticed an oklob sapling priest
   431 | D        | Reached skill level 9 in Long Blades
   464 | D        | Found an iron altar of Okawaru.
   464 | D        | Found a glowing silver altar of Zin.
   464 | D        | Found a shadowy altar of Dithmenos.
   465 | D        | Found a hide-covered altar of Uskayaw.
   465 | D        | Found an ancient bone altar of Kikubaaqudgha.
   466 | D        | Found a stormy altar of Qazlal.
   466 | D        | Found a glowing golden altar of the Shining One.
   466 | D        | Found a white marble altar of Elyvilon.
   467 | D        | Found a radiant altar of Vehumet.
   467 | D        | Found a corrupted altar of Lugonu.
   478 | D        | Splashed by an oklob sapling priest's acid

Vault maps used:
D:        dungeon_sprint_fedhas

Skill      XL: |  1  2  3  4 |
---------------+-------------+-----
Long Blades    | 5 7 8 9 |  9.0
Evocations     | 2 |  2.3
Fighting       | |  3.6
Armour         | |  3.2
Shields        | |  3.2

Action                   |  1- 3 |  4- 6 || total
-------------------------+-------+-------++-------
Melee: Long sword        |    18 |     8 ||    26
 Abil: Evoke Invisibilit |       |     2 ||     2
  Use: Potion            |       |     3 ||     3
Armor: Scale mail        |     6 |       ||     6
Dodge: Dodged            |     5 |     1 ||     6
Block: Shield            |     5 |       ||     5
       Rpst.: Long sword |     4 |       ||     4

Table legend:
 A = Spawn XP
 B = Non-spawn XP
 C = Spawn XP percentage of total XP
 D = Spawn monster count
 E = Non-spawn monster count
 F = Spawn count percentage of total count
 G = Total turns spent on level
                    A         B        C        D         E        F      G
               +---------+---------+-------+---------+---------+-------+---------
         Total |       0 |     123 |   0.0 |       0 |       5 |   0.0 |   478
               +---------+---------+-------+---------+---------+-------+---------
             D |       0 |     123 |   0.0 |       0 |       5 |   0.0 |   478
               +---------+---------+-------+---------+---------+-------+---------
